 Dungeon Crawl Stone Soup version 0.23-a0-358-g98c7a59 (webtiles) character file.

657 Dawnplanks the Chopper (level 7, 0/61 HPs)
             Began as a Minotaur Fighter on Oct 22, 2018.
             Killed from afar by Faust's ghost (16 damage)
             ... with an orb of energy
             ... on level 5 of the Dungeon.
             The game lasted 00:13:55 (3973 turns).

Dawnplanks the Chopper (Minotaur Fighter)           Turns: 3973, Time: 00:13:55

Health: 0/61       AC: 12    Str: 27    XL:     7   Next: 29%
Magic:  6/6        EV: 10    Int:  5    God:
Gold:   199        SH:  5    Dex: 10    Spells: 6/6 levels left

rFire    . . .     SeeInvis .   a - +0 war axe
rCold    + . .     Gourm    .   p - +0 buckler
rNeg     . . .     Faith    .   b - +0 scale mail
rPois    .         Spirit   .   (helmet restricted)
rElec    .         Reflect  .   w - +2 cloak
rCorr    .         Harm     +   o - +0 pair of gloves
MR       .....                  (no boots)
Stlth    ..........             x - amulet of harm
HPRegen  0.20/turn              h - ring of attention (curse)
MPRegen  0.10/turn              v - ring of protection from cold

@: mighty, lethally poisoned (0 -> -1)
A: retaliatory headbutt, horns 2
a: no special abilities


You were on level 5 of the Dungeon.
You were hungry.

You visited 1 branch of the dungeon, and saw 5 of its levels.

You collected 199 gold pieces.

Inventory:

Hand Weapons
 a - a +0 war axe (weapon)
Armour
 b - a +0 scale mail (worn)
 c - a +0 shield
 o - a +0 pair of gloves (worn)
 p - a +0 buckler (worn)
 r - a +0 cloak
 w - a +2 cloak (worn)
Magical Staves
 u - a cursed staff of power {unknown}
 y - an uncursed staff of death
Jewellery
 h - a cursed ring of attention (left hand)
 v - a ring of protection from cold (right hand)
 x - an amulet of harm (around neck)
Scrolls
 g - 4 scrolls of identify {unknown}
 j - a scroll of teleportation {unknown}
 k - a scroll of magic mapping {unknown}
 m - a scroll of noise {unknown}
 n - a scroll of enchant armour {unknown}
 s - 2 scrolls of enchant weapon {unknown}
 t - a scroll of amnesia {unknown}
Potions
 d - a potion of might
 e - a potion of curing
 i - a potion of flight
 l - 2 potions of resistance {unknown}
 q - a potion of brilliance {unknown}
Comestibles
 f - 7 rations


   Skills:
 + Level 5.1 Fighting
 + Level 6.3 Axes
 + Level 6.0 Armour
 + Level 1.6 Dodging
 + Level 0.4 Stealth
 + Level 5.2 Shields


You had 6 spell levels left.
You didn't know any spells.
Your spell library was empty.

Dungeon Overview and Level Annotations

Branches:
Dungeon (5/15)
 Temple: D:4-7

Altars:
Dithmenos
Hepliaklqana
Qazlal
Ru
Trog

Annotations:
D:5 Faust's ghost, novice DECj


Innate Abilities, Weirdness & Mutations

You reflexively headbutt those who attack you in melee.
You have a pair of horns on your head.


Message History

Faust's ghost gestures at you while chanting.
The magic dart hits you!
You hit Faust's ghost.
Faust's ghost is heavily damaged.
Faust's ghost hits you.
* * * LOW HITPOINT WARNING * * *
Faust's ghost burns you.
* * * LOW HITPOINT WARNING * * *
The white imp gestures at you. You block the puff of frost.
Sorry, you're not good enough to have a special ability.
You feel very mighty all of a sudden. Faust's ghost misses you.
The white imp gestures at you. The puff of frost misses you.
You barely miss Faust's ghost.
Faust's ghost is heavily damaged.
Faust's ghost points at you and mumbles some strange words.
The orb of energy hits you!
You die...

#.......$ #..........
#..........# #..........#
#..........#...#
#........#.#...#
#........#.#...#
##########@.......#.....#
##......Z5.W.......#.....#
##..###''Z###..(....#...(.#
#..##.......##......#.....#
##.##.........#......#.#
#..#..........##.#####.#
#.##....####...#.....#.##+##
#.#...### ##..##..........#
##.#Z.# #..#...<......#


You could see Faust's ghost, a white imp, a hound simulacrum and a giant
cockroach simulacrum.

Vanquished Creatures
  Sigmund (D:5)
  Menkaure (D:4)
  A crimson imp (D:4)
  2 orc priests (D:2)
  Natasha (twice) (D:2)
  5 worker ants
  A killer bee simulacrum (D:5)
  2 adders
  A hound simulacrum (D:5)
  A white imp (D:5)
  A worker ant simulacrum (D:5)
  A worm (D:3)
  3 dart slugs
  2 leopard geckos
  3 orcs
  6 bats
  4 giant cockroaches
  7 goblins
  9 hobgoblins
  3 quokkas (D:3)
  A ball python (D:3)
  6 frilled lizards
  12 kobolds
  10 rats
85 creatures vanquished.

Notes
Turn   | Place    | Note
-------+----------+-------------------------------------------
     0 | D:1      | Dawnplanks the Minotaur Fighter began the quest for the
                  | Orb.
     0 | D:1      | Reached XP level 1. HP: 19/19 MP: 0/0
    99 | D:1      | Reached XP level 2. HP: 27/27 MP: 1/1
  1042 | D:2      | Reached XP level 3. HP: 34/34 MP: 2/2
  1172 | D:2      | Reached XP level 4. HP: 37/41 MP: 3/3
  1344 | D:2      | Found a bloodstained altar of Trog.
  1514 | D:2      | Noticed Natasha
  1521 | D:2      | Killed Natasha
  1558 | D:2      | Noticed Natasha
  1561 | D:2      | Killed Natasha
  1588 | D:2      | Found a stormy altar of Qazlal.
  2009 | D:2      | Reached XP level 5. HP: 23/47 MP: 4/4
  2679 | D:3      | Found a sacrificial altar of Ru.
  2679 | D:3      | Found a shadowy altar of Dithmenos.
  2679 | D:3      | Found a hazy altar of Hepliaklqana.
  3393 | D:4      | Reached skill level 5 in Axes
  3393 | D:4      | Reached skill level 5 in Armour
  3419 | D:4      | Noticed Menkaure
  3426 | D:4      | Killed Menkaure
  3426 | D:4      | Reached skill level 1 in Dodging
  3426 | D:4      | Reached XP level 6. HP: 31/55 MP: 5/5
  3429 | D:4      | Reached skill level 5 in Fighting
  3736 | D:4      | Found a bloodstained altar of Trog.
  3856 | D:5      | Entered Level 5 of the Dungeon
  3856 | D:5      | Noticed Sigmund
  3859 | D:5      | Killed Sigmund
  3859 | D:5      | Reached skill level 5 in Shields
  3859 | D:5      | Reached XP level 7. HP: 61/61 MP: 6/6
  3869 | D:5      | Found a runed gate.
  3869 | D:5      | Found a runed gate.
  3869 | D:5      | Found a runed gate.
  3886 | D:5      | Noticed Faust's ghost (novice DECj)
  3973 | D:5      | Killed from afar by Faust's ghost

Vault maps used:
D:1:      lemuel_arrival_tunnels, serial_bayou_pond_e
D:2:      lemuel_doored_altar, grunt_decor_arrowhead,
          nicolae_qazlal_general_emergency, uniq_natasha
D:3:      gammafunk_temple_overflow_claw, first_ration,
          kennysheep_generic_room_2
D:4:      trog_hazing_becter, uniq_menkaure
D:5:      chequers_temple_overflow_statue_of_worship, gammafunk_ghost_icy,
          kennysheep_generic_room_7, uniq_pikel, uniq_sigmund

Skill      XL: |  1  2  3  4  5  6  7 |
---------------+----------------------+-----
Fighting       | 4 5 |  5.1
Shields        | 4 5 |  5.2
Axes           | 3 4 5 6 |  6.3
Armour         | 4 5 6 |  6.0
Dodging        | 1 |  1.6
Stealth        | |  0.4

Action                   |  1- 3 |  4- 6 |  7- 9 || total
-------------------------+-------+-------+-------++-------
Melee: War axe           |    68 |   118 |    13 ||   199
       Headbutt          |    14 |    20 |     2 ||    36
  Use: Potion            |       |     3 |     1 ||     4
  Eat: Chunk             |       |     9 |       ||     9
Armor: Scale mail        |    37 |    43 |    11 ||    91
Dodge: Dodged            |    16 |    59 |     7 ||    82
Block: Shield            |    31 |    27 |       ||    58
       Buckler           |       |    18 |     4 ||    22

Table legend:
 A = Non-vault XP
 B = Vault XP
 C = Vault XP percentage of total XP
 D = Non-vault monster count
 E = Vault monster count
 F = Vault count percentage of total count
                 A         B        C        D         E       F
            +---------+---------+-------+---------+---------+-------
      Total |     450 |     489 |  52.1 |      70 |      15 |  17.6
            +---------+---------+-------+---------+---------+-------
        D:1 |      38 |       0 |   0.0 |      20 |       0 |   0.0
        D:2 |     185 |      35 |  15.9 |      30 |       1 |   3.2
        D:3 |      24 |       3 |  11.1 |      12 |       2 |  14.3
        D:4 |     167 |     184 |  52.4 |       7 |       7 |  50.0
        D:5 |      36 |     267 |  88.1 |       1 |       5 |  83.3
            +---------+---------+-------+---------+---------+-------
